[ AOE2 MATCH · #481021925 ]
UnrankedMalay vs Spanish
[ REPLAY ANALYSIS · EXTRACTED FROM THE RECORDED GAME ]
Feudal
—
Castle
—
Imperial
—
| APM avg | 17.8 |
| APM peak | 53 |
| eAPM avg | 13.5 |
| Villagers / military | 104 / 109 |
Focus
⚔️ 34.3% · 🌾 65.7%
Spearman ×53 · Archer ×36 · Skirmisher ×14 · Mangonel ×3 · Trebuchet (Packed) ×3
Feudal
—
Castle
—
Imperial
—
| APM avg | 12.6 |
| APM peak | 28 |
| eAPM avg | 10.0 |
| Villagers / military | 183 / 72 |
Focus
⚔️ 35.9% · 🌾 64.1%
Knight ×34 · Teutonic Knight ×16 · Spearman ×12 · Militia ×5 · Trebuchet (Packed) ×4 · Monk ×1
Feudal
11:24
Castle
17:34
Imperial
32:36
| APM avg | 11.4 |
| APM peak | 28 |
| eAPM avg | 7.7 |
| Villagers / military | 54 / 40 |
Focus
⚔️ 26.5% · 🌾 73.5%
Conquistador ×18 · Knight ×10 · Trebuchet (Packed) ×5 · Battering Ram ×4 · Mangonel ×2 · Monk ×1
Feudal
10:49
Castle
21:20
Imperial
37:03
| APM avg | 11.5 |
| APM peak | 32 |
| eAPM avg | 9.0 |
| Villagers / military | 79 / 76 |
Focus
⚔️ 27.4% · 🌾 72.6%
Knight ×61 · Trade Cart ×20 · Coustillier ×6 · Spearman ×5 · Trebuchet (Packed) ×2 · Monk ×1
Feudal
11:18
Castle
22:15
Imperial
—
| APM avg | 13.0 |
| APM peak | 32 |
| eAPM avg | 10.1 |
| Villagers / military | 83 / 72 |
Focus
⚔️ 30.5% · 🌾 69.5%
Spearman ×27 · Fire Lancer ×19 · Scorpion ×12 · Battering Ram ×6 · Skirmisher ×5 · Chu Ko Nu ×3
Feudal
10:19
Castle
25:53
Imperial
37:19
| APM avg | 24.5 |
| APM peak | 63 |
| eAPM avg | 12.1 |
| Villagers / military | 110 / 93 |
Focus
⚔️ 32.4% · 🌾 67.6%
Steppe Lancer ×70 · Kipchak ×7 · Archer ×6 · Battering Ram ×4 · Trebuchet (Packed) ×4 · Scout Cavalry ×2
Match map
Initial resources + every placement click. Lines = walls · curves = elevation contours. ◆ gold · ⬟ stone · ● berries · ✦ relic · ◌ wall gap
Your base· ✓ Closed at 14:11 · 0t walls · 2 gate(s)
Governator01's base· ✓ Closed at 18:24 · 0t walls · 3 gate(s)
bofo_996's base· ✓ Closed at 17:34 · 0t walls · 2 gate(s)
Silver's base· ✓ Closed at 21:20 · 0t walls · 3 gate(s)
喜多川海梦's base· ✓ Closed at 22:15 · 0t walls · 2 gate(s)
elmoycarmine's base· ✓ Closed at 25:53 · 0t walls · 2 gate(s)
Smoothed initial terrain · ◌ = detected wall gap · hover for details
Inputs per minute
— DeadpanFox71524 - - Governator01
Build order — DeadpanFox71524
First 150 of 361 actions detected
| 0:08 | Build | House |
| 0:09 | Build | House |
| 0:11 | Build | House |
| 0:14 | Build | House |
| 0:34 | Create | Villager (Male) |
| 0:34 | Create | Villager (Male) |
| 0:35 | Create | Villager (Male) |
| 0:35 | Create | Villager (Male) |
| 2:28 | Create | Villager (Male) |
| 3:02 | Create | Villager (Male) |
| 3:03 | Create | Villager (Male) |
| 3:20 | Create | Villager (Male) |
| 3:45 | Create | Villager (Male) |
| 4:01 | Create | Villager (Male) |
| 4:10 | Build | Mill |
| 4:52 | Create | Villager (Male) |
| 4:53 | Create | Villager (Male) |
| 5:12 | Create | Villager (Male) |
| 5:28 | Create | Villager (Male) |
| 5:56 | Create | Villager (Male) |
| 6:15 | Build | Lumber Camp |
| 6:51 | Create | Villager (Male) |
| 6:51 | Create | Villager (Male) |
| 7:23 | Build | Mill |
| 7:38 | Create | Villager (Male) |
| 8:01 | Create | Villager (Male) |
| 8:11 | Create | Villager (Male) |
| 8:46 | Create | Villager (Male) |
| 8:48 | Create | Villager (Male) |
| 8:55 | Build | House |
| 9:00 | Build | House |
| 9:00 | Build | House |
| 9:19 | Create | Villager (Male) |
| 9:36 | Create | Villager (Male) |
| 10:15 | Create | Villager (Male) |
| 10:24 | Research | Feudal Age |
| 10:58 | Build | Barracks |
| 11:33 | Create | Villager (Male) |
| 11:33 | Create | Villager (Male) |
| 12:27 | Build | Market |
| 12:33 | Build | Blacksmith |
| 12:42 | Create | Villager (Male) |
| 12:49 | Build | Mining Camp |
| 13:35 | Build | Archery Range |
| 14:11 | Research | Castle Age |
| 14:34 | Research | Horse Collar |
| 14:58 | Build | Farm |
| 15:14 | Build | Farm |
| 15:30 | Build | Farm |
| 15:45 | Build | Lumber Camp |
| 15:57 | Build | Farm |
| 16:04 | Research | Loom |
| 16:13 | Build | Farm |
| 16:20 | Build | Farm |
| 16:25 | Create | Villager (Male) |
| 16:34 | Build | Farm |
| 16:40 | Build | Farm |
| 16:47 | Build | Farm |
| 16:58 | Create | Skirmisher |
| 17:01 | Create | Villager (Male) |
| 17:15 | Build | Farm |
| 17:21 | Build | Farm |
| 17:27 | Build | Farm |
| 17:30 | Create | Villager (Male) |
| 17:45 | Build | House |
| 17:51 | Build | House |
| 17:54 | Create | Villager (Male) |
| 18:07 | Create | Skirmisher |
| 18:12 | Create | Skirmisher |
| 18:33 | Build | Siege Workshop |
| 18:35 | Create | Villager (Male) |
| 18:45 | Create | Skirmisher |
| 18:52 | Create | Villager (Male) |
| 19:02 | Research | Padded Archer Armor |
| 19:23 | Build | Archery Range |
| 19:29 | Create | Skirmisher |
| 19:34 | Create | Villager (Male) |
| 19:47 | Create | Villager (Male) |
| 19:53 | Create | Skirmisher |
| 20:14 | Build | Town Center |
| 20:21 | Research | Fletching |
| 20:24 | Create | Villager (Male) |
| 20:33 | Build | House |
| 20:34 | Build | House |
| 20:39 | Create | Villager (Male) |
| 20:48 | Build | Farm |
| 20:56 | Build | Farm |
| 20:58 | Create | Villager (Male) |
| 21:04 | Create | Skirmisher |
| 21:11 | Create | Skirmisher |
| 21:18 | Create | Villager (Male) |
| 21:29 | Create | Mangonel |
| 21:36 | Build | House |
| 21:37 | Build | House |
| 21:39 | Create | Villager (Male) |
| 21:48 | Build | Farm |
| 21:52 | Create | Villager (Male) |
| 21:53 | Create | Villager (Male) |
| 22:07 | Research | Double-Bit Axe |
| 22:10 | Create | Skirmisher |
| 22:44 | Research | Leather Archer Armor |
| 22:50 | Build | Mining Camp |
| 22:51 | Create | Villager (Male) |
| 22:52 | Create | Villager (Male) |
| 23:07 | Build | Farm |
| 23:07 | Build | Farm |
| 23:10 | Research | Elite Skirmisher (upgrade) |
| 23:12 | Create | Skirmisher |
| 23:18 | Create | Villager (Male) |
| 23:24 | Create | Villager (Male) |
| 23:34 | Build | Farm |
| 23:34 | Build | Farm |
| 23:36 | Build | Farm |
| 23:42 | Create | Villager (Male) |
| 23:42 | Create | Villager (Male) |
| 23:49 | Build | Farm |
| 24:13 | Create | Mangonel |
| 24:39 | Create | Villager (Male) |
| 24:39 | Create | Villager (Male) |
| 24:50 | Create | Skirmisher |
| 24:51 | Create | Skirmisher |
| 25:13 | Create | Skirmisher |
| 25:13 | Create | Skirmisher |
| 25:17 | Create | Villager (Male) |
| 25:17 | Create | Villager (Male) |
| 25:24 | Build | House |
| 25:24 | Build | House |
| 25:24 | Build | House |
| 25:25 | Build | House |
| 25:25 | Build | House |
| 25:25 | Build | House |
| 25:26 | Build | House |
| 26:00 | Build | Archery Range |
| 26:03 | Create | Villager (Male) |
| 26:03 | Create | Villager (Male) |
| 26:15 | Create | Mangonel |
| 26:26 | Create | Villager (Male) |
| 26:26 | Create | Villager (Male) |
| 26:49 | Create | Villager (Male) |
| 26:50 | Create | Villager (Male) |
| 27:18 | Create | Villager (Male) |
| 27:19 | Create | Villager (Male) |
| 27:23 | Create | Villager (Male) |
| 27:31 | Build | Farm |
| 27:31 | Build | Farm |
| 27:31 | Build | Farm |
| 27:32 | Build | Farm |
| 27:33 | Build | Farm |
| 27:58 | Create | Villager (Male) |
| 27:58 | Create | Villager (Male) |
Build order — Governator01
First 150 of 227 actions detected
| 0:02 | Create | Villager (Male) ×4 |
| 0:04 | Build | House |
| 0:15 | Build | House |
| 0:19 | Build | House |
| 0:53 | Build | House |
| 0:56 | Build | House |
| 1:36 | Create | Villager (Male) |
| 1:58 | Build | Mill |
| 2:05 | Create | Villager (Male) |
| 2:33 | Create | Villager (Male) |
| 2:33 | Create | Villager (Male) |
| 2:53 | Create | Villager (Male) |
| 2:53 | Create | Villager (Male) |
| 3:14 | Create | Villager (Male) |
| 3:27 | Create | Villager (Male) |
| 3:59 | Create | Villager (Male) |
| 4:03 | Research | Loom |
| 4:29 | Create | Villager (Male) |
| 4:50 | Create | Villager (Male) |
| 4:50 | Create | Villager (Male) |
| 5:55 | Create | Villager (Male) |
| 5:58 | Create | Villager (Male) |
| 6:00 | Create | Villager (Male) |
| 6:01 | Create | Villager (Male) |
| 6:03 | Create | Villager (Male) |
| 6:04 | Create | Villager (Male) |
| 7:23 | Build | Lumber Camp |
| 8:21 | Research | Feudal Age |
| 8:59 | Build | Barracks |
| 9:02 | Build | House |
| 9:04 | Build | House |
| 9:45 | Create | Villager (Male) |
| 9:45 | Create | Villager (Male) |
| 10:08 | Build | Mining Camp |
| 10:20 | Build | House |
| 10:22 | Create | Villager (Male) |
| 10:22 | Create | Villager (Male) |
| 10:23 | Create | Villager (Male) |
| 10:45 | Research | Double-Bit Axe |
| 11:07 | Research | Man-at-Arms (upgrade) |
| 11:44 | Build | Farm |
| 11:45 | Build | Farm |
| 11:46 | Build | Farm |
| 11:46 | Build | Farm |
| 11:47 | Build | Farm |
| 11:50 | Create | Villager (Male) |
| 11:51 | Create | Villager (Male) |
| 12:41 | Create | Militia |
| 12:58 | Create | Villager (Male) |
| 12:58 | Create | Villager (Male) |
| 13:21 | Build | Market |
| 13:30 | Build | Blacksmith |
| 13:36 | Research | Wheelbarrow |
| 13:52 | Build | Farm |
| 13:53 | Build | Farm |
| 13:54 | Build | Farm |
| 13:54 | Build | Farm |
| 13:55 | Build | Farm |
| 14:03 | Build | Farm |
| 14:08 | Build | Farm |
| 14:25 | Create | Villager (Male) |
| 14:26 | Create | Villager (Male) |
| 14:35 | Create | Militia |
| 14:35 | Create | Militia |
| 14:35 | Create | Militia |
| 14:58 | Build | Farm |
| 15:06 | Build | Farm |
| 15:10 | Build | Farm |
| 15:14 | Build | Farm |
| 15:18 | Create | Villager (Male) |
| 16:21 | Create | Militia |
| 16:49 | Create | Villager (Male) |
| 16:49 | Create | Villager (Male) |
| 16:56 | Build | House |
| 16:57 | Build | House |
| 16:57 | Build | House |
| 16:57 | Build | House |
| 18:24 | Research | Castle Age |
| 18:56 | Build | House |
| 18:57 | Build | House |
| 18:57 | Build | House |
| 18:58 | Build | House |
| 18:59 | Build | House |
| 18:59 | Build | House |
| 19:34 | Research | Arson |
| 19:38 | Research | Forging |
| 20:30 | Research | Scale Mail Armor |
| 21:05 | Research | Long Swordsman (upgrade) |
| 21:17 | Research | Iron Casting |
| 21:25 | Create | Villager (Male) ×3 |
| 21:33 | Build | Town Center |
| 21:38 | Build | Town Center |
| 22:20 | Create | Villager (Male) |
| 22:20 | Create | Villager (Male) |
| 22:34 | Build | Town Center |
| 22:48 | Create | Villager (Male) ×5 |
| 23:12 | Create | Villager (Male) |
| 23:13 | Create | Villager (Male) |
| 23:13 | Create | Villager (Male) |
| 23:44 | Build | University |
| 23:54 | Research | Bow Saw |
| 24:25 | Create | Villager (Male) ×2 |
| 24:31 | Create | Villager (Male) |
| 24:39 | Build | Farm |
| 24:40 | Build | Farm |
| 24:40 | Build | Farm |
| 24:41 | Build | Farm |
| 24:42 | Build | Farm |
| 24:47 | Build | Farm |
| 24:47 | Build | Farm |
| 24:48 | Build | Farm |
| 24:51 | Build | Farm |
| 24:56 | Create | Villager (Male) |
| 24:58 | Create | Villager (Male) |
| 25:01 | Create | Villager (Male) |
| 25:05 | Create | Villager (Male) |
| 25:15 | Build | Farm |
| 26:07 | Create | Villager (Male) ×6 |
| 26:10 | Research | Hand Cart |
| 26:12 | Create | Villager (Male) |
| 26:12 | Create | Villager (Male) |
| 26:25 | Build | Monastery |
| 26:43 | Build | Castle |
| 26:51 | Build | Stone Wall |
| 27:00 | Build | Stone Wall |
| 27:15 | Research | Ballistics |
| 27:20 | Research | Fletching |
| 27:24 | Create | Villager (Male) |
| 27:24 | Create | Villager (Male) |
| 27:26 | Create | Villager (Male) |
| 27:26 | Create | Villager (Male) |
| 27:27 | Create | Villager (Male) |
| 27:28 | Create | Villager (Male) |
| 27:28 | Create | Villager (Male) |
| 27:58 | Create | Villager (Male) |
| 28:00 | Create | Villager (Male) |
| 28:01 | Create | Villager (Male) |
| 28:03 | Create | Villager (Male) |
| 28:03 | Create | Villager (Male) |
| 28:05 | Create | Villager (Male) ×3 |
| 28:05 | Create | Villager (Male) |
| 28:14 | Build | Farm |
| 28:15 | Build | Farm |
| 28:16 | Build | Farm |
| 28:16 | Build | Farm |
| 28:17 | Build | Farm |
| 28:18 | Build | Farm |
| 28:24 | Create | Villager (Male) |
| 28:24 | Create | Villager (Male) |
| 28:24 | Create | Villager (Male) |
Build order — bofo_996
First 150 of 179 actions detected
| 0:11 | Research | Loom |
| 0:11 | Create | Villager (Male) ×4 |
| 0:19 | Build | House |
| 0:20 | Build | House |
| 0:21 | Build | House |
| 0:21 | Build | House |
| 2:30 | Build | Mill |
| 2:45 | Create | Villager (Male) |
| 2:45 | Create | Villager (Male) |
| 3:28 | Create | Villager (Male) |
| 3:45 | Create | Villager (Male) |
| 4:05 | Create | Villager (Male) |
| 4:20 | Create | Villager (Male) |
| 4:20 | Create | Villager (Male) |
| 4:32 | Create | Villager (Male) |
| 4:32 | Create | Villager (Male) |
| 4:48 | Create | Villager (Male) |
| 5:06 | Create | Villager (Male) |
| 5:28 | Create | Villager (Male) |
| 6:19 | Create | Villager (Male) |
| 6:20 | Create | Villager (Male) |
| 7:31 | Build | Lumber Camp |
| 7:47 | Build | Mining Camp |
| 7:51 | Create | Villager (Male) |
| 7:51 | Create | Villager (Male) |
| 7:52 | Create | Villager (Male) |
| 8:27 | Build | Mining Camp |
| 9:14 | Research | Feudal Age |
| 9:42 | Build | Mill |
| 9:51 | Build | House |
| 9:52 | Build | House |
| 9:53 | Build | House |
| 10:31 | Build | House |
| 10:31 | Build | House |
| 10:33 | Build | House |
| 10:57 | Build | House |
| 11:24 | Age | Feudal Age |
| 13:07 | Build | Market |
| 13:38 | Build | Blacksmith |
| 14:54 | Research | Castle Age |
| 15:51 | Research | Double-Bit Axe |
| 16:15 | Research | Wheelbarrow |
| 17:34 | Age | Castle Age |
| 17:41 | Build | Castle |
| 17:53 | Build | Stone Wall |
| 17:55 | Build | Stone Wall |
| 17:56 | Build | Stone Wall |
| 18:14 | Build | Stone Wall |
| 18:28 | Research | Gold Mining |
| 19:06 | Build | Farm |
| 19:07 | Build | Farm |
| 19:08 | Build | Farm |
| 19:09 | Build | Farm |
| 19:10 | Build | Farm |
| 19:13 | Create | Villager (Male) |
| 19:33 | Build | Siege Workshop |
| 19:45 | Build | Monastery |
| 20:02 | Build | Mining Camp |
| 20:22 | Create | Conquistador |
| 20:23 | Create | Conquistador |
| 20:39 | Create | Monk |
| 20:46 | Create | Villager (Male) |
| 21:07 | Create | Villager (Male) |
| 21:35 | Create | Mangonel |
| 21:44 | Create | Villager (Male) |
| 22:06 | Research | Fletching |
| 22:10 | Create | Villager (Male) |
| 22:15 | Build | Farm |
| 22:24 | Create | Battering Ram |
| 23:01 | Create | Villager (Male) |
| 23:06 | Create | Conquistador |
| 23:23 | Create | Conquistador |
| 23:31 | Build | Farm |
| 24:10 | Create | Battering Ram |
| 24:11 | Create | Battering Ram |
| 24:14 | Create | Conquistador |
| 24:18 | Create | Villager (Male) |
| 24:47 | Create | Conquistador |
| 24:47 | Create | Conquistador |
| 25:02 | Build | Farm |
| 25:12 | Research | Padded Archer Armor |
| 25:57 | Create | Mangonel |
| 25:59 | Create | Battering Ram |
| 26:17 | Create | Villager (Male) |
| 26:17 | Create | Villager (Male) |
| 26:26 | Create | Villager (Male) |
| 26:59 | Build | Farm |
| 27:16 | Build | Lumber Camp |
| 27:23 | Create | Villager (Male) |
| 27:24 | Create | Villager (Male) |
| 27:25 | Create | Villager (Male) |
| 27:44 | Build | Farm |
| 28:07 | Build | Farm |
| 28:22 | Create | Villager (Male) |
| 28:29 | Build | Farm |
| 28:55 | Build | Farm |
| 29:21 | Build | Farm |
| 29:26 | Research | Imperial Age |
| 29:57 | Research | Horse Collar |
| 30:04 | Research | Bow Saw |
| 30:21 | Research | Leather Archer Armor |
| 30:40 | Create | Conquistador |
| 30:40 | Create | Conquistador |
| 31:06 | Research | Heavy Plow |
| 31:17 | Research | Bodkin Arrow |
| 31:31 | Create | Conquistador |
| 31:48 | Create | Villager (Male) |
| 32:36 | Age | Imperial Age |
| 32:37 | Create | Trebuchet (Packed) |
| 32:50 | Research | Hand Cart |
| 32:54 | Research | Ring Archer Armor |
| 33:14 | Research | Conscription |
| 33:19 | Create | Trebuchet (Packed) |
| 34:11 | Create | Trebuchet (Packed) |
| 35:22 | Build | Castle |
| 35:38 | Build | Farm |
| 35:41 | Create | Villager (Male) |
| 35:41 | Create | Villager (Male) |
| 35:46 | Research | Bracer |
| 35:54 | Build | House |
| 35:55 | Build | House |
| 35:56 | Build | House |
| 35:57 | Build | House |
| 35:59 | Build | House |
| 36:00 | Build | House |
| 36:01 | Build | House |
| 36:36 | Build | Mining Camp |
| 36:55 | Build | Lumber Camp |
| 36:57 | Create | Villager (Male) |
| 36:58 | Create | Villager (Male) |
| 36:58 | Create | Villager (Male) |
| 36:59 | Create | Villager (Male) |
| 37:07 | Research | Conscription |
| 37:10 | Create | Trebuchet (Packed) |
| 37:53 | Create | Villager (Male) |
| 38:14 | Create | Conquistador |
| 38:14 | Create | Conquistador |
| 38:14 | Create | Conquistador |
| 38:24 | Create | Villager (Male) |
| 38:37 | Build | House |
| 38:39 | Build | House |
| 38:40 | Build | House |
| 38:41 | Build | House |
| 38:42 | Build | House |
| 38:43 | Build | House |
| 38:50 | Build | Farm |
| 39:00 | Create | Conquistador |
| 39:01 | Create | Conquistador |
| 39:20 | Build | Barracks |
| 39:46 | Create | Villager (Male) |
Build order — Silver
First 150 of 204 actions detected
| 0:03 | Create | Villager (Male) ×4 |
| 0:03 | Research | Loom |
| 0:08 | Build | House |
| 0:10 | Build | House |
| 2:04 | Create | Villager (Male) |
| 2:27 | Build | House |
| 2:29 | Build | House |
| 2:31 | Build | House |
| 2:45 | Build | Mill |
| 2:49 | Create | Villager (Male) ×2 |
| 3:33 | Create | Villager (Male) ×2 |
| 3:39 | Create | Villager (Male) |
| 4:12 | Create | Villager (Male) |
| 4:28 | Create | Villager (Male) |
| 5:20 | Create | Villager (Male) |
| 5:21 | Create | Villager (Male) |
| 6:29 | Research | Wheelbarrow |
| 6:31 | Create | Villager (Male) |
| 7:27 | Build | Lumber Camp |
| 7:43 | Create | Villager (Male) |
| 8:37 | Research | Feudal Age |
| 9:16 | Create | Villager (Male) |
| 9:41 | Build | Mining Camp |
| 9:49 | Build | Mill |
| 9:53 | Create | Villager (Male) |
| 10:30 | Build | Farm |
| 10:31 | Build | Farm |
| 10:33 | Build | Farm |
| 10:35 | Build | Farm |
| 10:47 | Build | Farm |
| 10:49 | Age | Feudal Age |
| 11:06 | Create | Villager (Male) ×5 |
| 11:16 | Research | Double-Bit Axe |
| 11:39 | Build | House |
| 11:40 | Build | House |
| 11:42 | Build | House |
| 12:10 | Research | Bow Saw |
| 12:18 | Create | Villager (Male) |
| 12:19 | Create | Villager (Male) |
| 12:19 | Create | Villager (Male) |
| 12:19 | Create | Villager (Male) |
| 12:19 | Create | Villager (Male) |
| 12:38 | Research | Horse Collar |
| 13:15 | Build | Barracks |
| 13:35 | Research | Heavy Plow |
| 13:45 | Create | Villager (Male) ×3 |
| 14:11 | Build | Blacksmith |
| 14:50 | Build | Stable |
| 15:06 | Build | Farm |
| 15:07 | Build | Farm |
| 15:14 | Create | Villager (Male) ×5 |
| 15:32 | Research | Hand Cart |
| 15:44 | Build | Farm |
| 15:45 | Build | Farm |
| 16:01 | Build | Mining Camp |
| 16:12 | Build | Farm |
| 16:28 | Build | Farm |
| 16:30 | Build | Farm |
| 17:09 | Research | Stone Mining |
| 17:10 | Research | Gold Mining |
| 18:40 | Research | Castle Age |
| 19:00 | Research | Stone Shaft Mining |
| 19:42 | Build | Stable |
| 19:43 | Build | Stable |
| 19:49 | Research | Scale Barding Armor |
| 20:08 | Build | Lumber Camp |
| 20:15 | Build | Lumber Camp |
| 20:22 | Research | Forging |
| 20:31 | Create | Villager (Male) |
| 21:20 | Age | Castle Age |
| 21:23 | Create | Villager (Male) ×4 |
| 21:38 | Build | Town Center |
| 21:48 | Build | Town Center |
| 21:56 | Build | House |
| 21:58 | Build | House |
| 22:13 | Build | Farm |
| 22:14 | Build | Farm |
| 22:15 | Build | Farm |
| 22:22 | Build | Farm |
| 22:41 | Research | Husbandry |
| 22:42 | Research | Cavalier (upgrade) |
| 22:45 | Create | Knight |
| 23:02 | Build | House |
| 23:03 | Build | House |
| 23:04 | Build | House |
| 23:05 | Build | House |
| 23:06 | Build | House |
| 23:08 | Build | House |
| 23:08 | Build | House |
| 23:16 | Create | Villager (Male) ×3 |
| 23:23 | Build | Farm |
| 23:24 | Build | Farm |
| 23:25 | Build | Farm |
| 23:32 | Create | Villager (Male) |
| 23:32 | Create | Villager (Male) |
| 23:50 | Build | Castle |
| 24:02 | Research | Crop Rotation |
| 24:06 | Create | Villager (Male) |
| 24:13 | Build | Farm |
| 24:14 | Build | Farm |
| 24:21 | Build | Farm |
| 24:24 | Build | Farm |
| 24:29 | Create | Villager (Male) ×2 |
| 24:53 | Create | Villager (Male) ×3 |
| 24:58 | Build | Farm |
| 25:00 | Build | Farm |
| 25:01 | Build | Farm |
| 25:04 | Build | Farm |
| 25:05 | Build | Farm |
| 25:12 | Create | Villager (Male) |
| 25:14 | Create | Villager (Male) |
| 25:16 | Create | Villager (Male) |
| 25:42 | Create | Knight ×2 |
| 25:46 | Create | Knight |
| 26:00 | Build | Monastery |
| 26:06 | Build | University |
| 26:35 | Research | Burgundian Vineyards |
| 26:46 | Create | Villager (Male) ×3 |
| 27:21 | Research | Iron Casting |
| 27:31 | Create | Villager (Male) ×4 |
| 28:37 | Create | Villager (Male) ×5 |
| 28:43 | Research | Gold Shaft Mining |
| 28:52 | Build | Stable |
| 28:53 | Build | Stable |
| 28:55 | Build | Stable |
| 28:56 | Build | Stable |
| 29:03 | Research | Two-Man Saw |
| 29:07 | Create | Villager (Male) ×5 |
| 29:20 | Research | Chain Barding Armor |
| 29:35 | Create | Knight |
| 29:56 | Research | Arson |
| 30:03 | Create | Knight |
| 30:33 | Create | Knight ×3 |
| 30:37 | Create | Coustillier |
| 30:49 | Create | Knight |
| 30:57 | Create | Villager (Male) ×5 |
| 31:05 | Build | Mining Camp |
| 31:31 | Build | Castle |
| 31:51 | Create | Knight ×5 |
| 31:52 | Create | Knight ×5 |
| 33:53 | Research | Imperial Age |
| 34:56 | Build | Barracks |
| 34:58 | Build | Barracks |
| 35:00 | Build | Barracks |
| 35:10 | Create | Knight ×5 |
| 35:10 | Create | Knight ×5 |
| 35:11 | Create | Knight ×5 |
| 35:11 | Create | Knight ×5 |
| 35:35 | Create | Knight ×4 |
| 35:52 | Build | Siege Workshop |
Build order — 喜多川海梦
First 150 of 253 actions detected
| 0:08 | Research | Loom |
| 1:08 | Create | Villager (Male) |
| 1:53 | Create | Villager (Male) |
| 1:53 | Create | Villager (Male) |
| 2:10 | Create | Villager (Male) |
| 2:10 | Create | Villager (Male) |
| 2:46 | Create | Villager (Male) |
| 2:47 | Create | Villager (Male) |
| 3:13 | Create | Villager (Male) |
| 3:13 | Create | Villager (Male) |
| 3:20 | Create | Villager (Male) |
| 3:20 | Create | Villager (Male) |
| 3:45 | Create | Villager (Male) |
| 3:45 | Create | Villager (Male) |
| 4:00 | Create | Villager (Male) |
| 4:00 | Create | Villager (Male) |
| 4:00 | Create | Villager (Male) |
| 4:13 | Build | House |
| 4:17 | Create | Villager (Male) |
| 4:18 | Create | Villager (Male) |
| 4:46 | Create | Villager (Male) |
| 4:56 | Build | Mill |
| 5:02 | Create | Villager (Male) |
| 5:02 | Create | Villager (Male) |
| 5:02 | Create | Villager (Male) |
| 5:41 | Create | Villager (Male) |
| 5:55 | Build | Lumber Camp |
| 6:51 | Build | House |
| 6:58 | Create | Villager (Male) |
| 7:21 | Create | Villager (Male) |
| 7:43 | Build | Barracks |
| 8:02 | Create | Villager (Male) |
| 9:04 | Build | Mining Camp |
| 9:08 | Research | Feudal Age |
| 9:39 | Build | Mill |
| 10:50 | Build | House |
| 11:18 | Age | Feudal Age |
| 11:19 | Research | Double-Bit Axe |
| 11:23 | Create | Villager (Male) |
| 11:23 | Create | Villager (Male) |
| 11:46 | Create | Villager (Male) |
| 12:01 | Research | Gold Mining |
| 12:20 | Create | Villager (Male) |
| 12:22 | Create | Villager (Male) |
| 12:59 | Research | Horse Collar |
| 13:07 | Research | Wheelbarrow |
| 13:14 | Build | Farm |
| 13:16 | Build | Farm |
| 13:17 | Build | Farm |
| 13:33 | Build | Stable |
| 13:44 | Build | Archery Range |
| 13:51 | Create | Villager (Male) |
| 13:51 | Create | Villager (Male) |
| 14:04 | Build | House |
| 14:05 | Build | House |
| 14:06 | Build | House |
| 14:44 | Build | Market |
| 14:49 | Build | Blacksmith |
| 14:54 | Create | Villager (Male) |
| 14:54 | Create | Villager (Male) |
| 14:54 | Create | Villager (Male) |
| 15:47 | Create | Villager (Male) |
| 16:11 | Build | Mining Camp |
| 16:16 | Create | Villager (Male) |
| 16:28 | Build | Farm |
| 16:29 | Build | Farm |
| 16:30 | Build | Farm |
| 16:32 | Build | Farm |
| 16:47 | Create | Villager (Male) |
| 16:47 | Create | Villager (Male) |
| 16:59 | Build | Farm |
| 17:00 | Build | Farm |
| 17:02 | Build | Farm |
| 17:17 | Build | Farm |
| 17:30 | Create | Villager (Male) |
| 17:36 | Build | Farm |
| 17:37 | Build | Farm |
| 17:41 | Build | Farm |
| 17:43 | Build | Farm |
| 17:49 | Build | Farm |
| 18:11 | Build | Farm |
| 18:21 | Build | Farm |
| 18:40 | Build | Farm |
| 18:55 | Create | Villager (Male) |
| 19:35 | Research | Castle Age |
| 20:08 | Research | Stone Mining |
| 20:18 | Create | Spearman |
| 20:19 | Create | Spearman |
| 20:19 | Create | Spearman |
| 20:19 | Create | Spearman |
| 20:19 | Create | Spearman |
| 20:57 | Create | Spearman |
| 20:58 | Create | Spearman |
| 21:02 | Create | Skirmisher |
| 21:02 | Create | Skirmisher |
| 21:02 | Create | Skirmisher |
| 21:40 | Research | Scale Mail Armor |
| 21:53 | Research | Padded Archer Armor |
| 22:03 | Build | House |
| 22:04 | Build | House |
| 22:05 | Build | House |
| 22:15 | Age | Castle Age |
| 22:19 | Build | Town Center |
| 22:32 | Build | Siege Workshop |
| 22:38 | Research | Heavy Plow |
| 23:28 | Create | Villager (Male) |
| 23:29 | Create | Villager (Male) |
| 23:33 | Research | Bow Saw |
| 23:41 | Research | Pikeman (upgrade) |
| 24:00 | Create | Villager (Male) |
| 24:00 | Create | Villager (Male) |
| 24:07 | Create | Villager (Male) |
| 24:07 | Create | Villager (Male) |
| 24:10 | Create | Villager (Male) |
| 24:13 | Create | Battering Ram |
| 24:14 | Create | Battering Ram |
| 24:33 | Build | Lumber Camp |
| 24:38 | Create | Villager (Male) |
| 24:41 | Create | Villager (Male) |
| 24:51 | Create | Villager (Male) |
| 25:00 | Create | Battering Ram |
| 25:16 | Create | Fire Lancer |
| 25:16 | Create | Fire Lancer |
| 25:17 | Create | Fire Lancer |
| 25:24 | Create | Fire Lancer |
| 25:24 | Create | Fire Lancer |
| 25:25 | Create | Fire Lancer |
| 25:33 | Create | Skirmisher |
| 25:33 | Create | Skirmisher |
| 26:12 | Research | Hand Cart |
| 26:15 | Create | Villager (Male) |
| 26:15 | Create | Villager (Male) |
| 26:43 | Research | Elite Skirmisher (upgrade) |
| 27:12 | Create | Villager (Male) |
| 27:13 | Create | Villager (Male) |
| 27:13 | Create | Villager (Male) |
| 27:13 | Create | Villager (Male) |
| 27:13 | Create | Villager (Male) |
| 27:18 | Create | Villager (Male) |
| 27:18 | Create | Villager (Male) |
| 27:19 | Create | Villager (Male) |
| 27:19 | Create | Villager (Male) |
| 27:19 | Create | Villager (Male) |
| 27:26 | Create | Fire Lancer |
| 27:27 | Create | Fire Lancer |
| 27:30 | Research | Squires |
| 28:32 | Create | Fire Lancer |
| 28:32 | Create | Fire Lancer |
| 28:33 | Create | Fire Lancer |
| 28:55 | Build | Castle |
Build order — elmoycarmine
First 150 of 339 actions detected
| 0:08 | Build | House |
| 0:11 | Build | House |
| 0:12 | Create | Villager (Male) |
| 0:12 | Create | Villager (Male) |
| 0:12 | Create | Villager (Male) |
| 0:13 | Create | Villager (Male) |
| 0:13 | Create | Villager (Male) |
| 0:13 | Research | Loom |
| 2:13 | Create | Villager (Male) |
| 2:13 | Create | Villager (Male) |
| 2:41 | Create | Villager (Male) |
| 2:41 | Create | Villager (Male) |
| 2:41 | Create | Villager (Male) |
| 3:08 | Build | Lumber Camp |
| 3:10 | Build | House |
| 3:26 | Create | Villager (Male) |
| 3:27 | Create | Villager (Male) |
| 3:27 | Create | Villager (Male) |
| 4:25 | Create | Villager (Male) |
| 4:54 | Create | Villager (Male) |
| 4:55 | Create | Villager (Male) |
| 4:55 | Create | Villager (Male) |
| 5:36 | Build | Mill |
| 5:55 | Create | Villager (Male) |
| 6:04 | Build | House |
| 6:22 | Create | Villager (Male) |
| 6:58 | Build | Mill |
| 8:09 | Research | Feudal Age |
| 8:09 | Research | Feudal Age |
| 9:06 | Build | House |
| 9:07 | Build | House |
| 9:10 | Build | House |
| 9:12 | Build | House |
| 10:19 | Age | Feudal Age |
| 10:30 | Build | Town Center |
| 10:34 | Create | Villager (Male) |
| 10:34 | Create | Villager (Male) |
| 10:34 | Create | Villager (Male) |
| 10:35 | Create | Villager (Male) |
| 10:35 | Create | Villager (Male) |
| 10:54 | Research | Double-Bit Axe |
| 12:07 | Create | Villager (Male) |
| 12:26 | Create | Villager (Male) |
| 12:35 | Build | House |
| 12:36 | Build | House |
| 12:37 | Build | House |
| 12:38 | Build | House |
| 12:43 | Build | Farm |
| 12:45 | Create | Villager (Male) |
| 12:45 | Create | Villager (Male) |
| 12:45 | Create | Villager (Male) |
| 12:45 | Create | Villager (Male) |
| 12:46 | Create | Villager (Male) |
| 13:01 | Build | Farm |
| 13:05 | Build | Farm |
| 13:12 | Build | Farm |
| 13:16 | Create | Villager (Male) |
| 13:28 | Create | Villager (Male) |
| 13:31 | Build | Farm |
| 13:44 | Create | Villager (Male) |
| 13:54 | Create | Villager (Male) |
| 13:57 | Build | Farm |
| 14:12 | Create | Villager (Male) |
| 14:15 | Create | Villager (Male) |
| 14:21 | Build | Farm |
| 14:45 | Build | Barracks |
| 14:52 | Build | Farm |
| 14:55 | Create | Villager (Male) |
| 15:08 | Research | Horse Collar |
| 15:10 | Create | Villager (Male) |
| 15:14 | Build | Farm |
| 15:21 | Create | Villager (Male) |
| 15:30 | Create | Villager (Male) |
| 15:38 | Build | Farm |
| 15:45 | Build | Stable |
| 15:48 | Build | Stable |
| 15:53 | Create | Villager (Male) |
| 16:02 | Build | Farm |
| 16:08 | Create | Villager (Male) |
| 16:09 | Create | Villager (Male) |
| 16:09 | Create | Villager (Male) |
| 16:09 | Create | Villager (Male) |
| 16:09 | Create | Villager (Male) |
| 16:25 | Build | Mining Camp |
| 16:33 | Build | Farm |
| 16:35 | Create | Villager (Male) |
| 16:57 | Build | Blacksmith |
| 17:01 | Build | Farm |
| 17:02 | Create | Villager (Male) |
| 17:15 | Create | Villager (Male) |
| 17:18 | Create | Villager (Male) |
| 17:22 | Build | Farm |
| 17:41 | Create | Villager (Male) |
| 17:43 | Build | Farm |
| 17:50 | Build | Siege Workshop |
| 18:06 | Create | Villager (Male) |
| 18:06 | Create | Villager (Male) |
| 18:14 | Build | Farm |
| 18:18 | Create | Villager (Male) |
| 18:22 | Build | Farm |
| 18:38 | Build | Farm |
| 18:41 | Create | Battering Ram |
| 18:41 | Create | Battering Ram |
| 18:46 | Create | Villager (Male) |
| 18:48 | Build | Farm |
| 18:49 | Create | Villager (Male) |
| 18:49 | Create | Villager (Male) |
| 18:51 | Create | Villager (Male) |
| 18:53 | Create | Villager (Male) |
| 19:01 | Build | Farm |
| 19:16 | Create | Scout Cavalry |
| 19:17 | Create | Scout Cavalry |
| 19:24 | Build | House |
| 19:26 | Build | House |
| 19:40 | Build | Archery Range |
| 19:44 | Build | Archery Range |
| 20:02 | Build | Farm |
| 20:05 | Build | Farm |
| 20:10 | Build | Farm |
| 20:12 | Create | Villager (Male) |
| 20:12 | Create | Villager (Male) |
| 20:16 | Build | Farm |
| 20:18 | Build | Farm |
| 20:22 | Create | Archer |
| 20:22 | Create | Archer |
| 20:30 | Build | Farm |
| 20:34 | Build | Farm |
| 20:43 | Build | House |
| 20:45 | Build | House |
| 20:46 | Build | House |
| 20:47 | Build | House |
| 20:50 | Build | House |
| 20:58 | Research | Fletching |
| 21:06 | Build | Farm |
| 21:11 | Create | Archer |
| 21:11 | Create | Archer |
| 21:14 | Create | Archer |
| 21:15 | Create | Archer |
| 21:26 | Build | Farm |
| 21:27 | Create | Villager (Male) |
| 21:27 | Create | Villager (Male) |
| 21:27 | Create | Villager (Male) |
| 21:33 | Create | Villager (Male) |
| 21:34 | Create | Villager (Male) |
| 21:34 | Create | Villager (Male) |
| 21:34 | Create | Villager (Male) |
| 22:04 | Research | Castle Age |
| 22:06 | Build | Farm |
| 22:22 | Build | Farm |
| 22:24 | Build | Farm |
Match timeline
| 7:43 | 喜多川海梦 · first_building Barracks |
| 8:59 | Governator01 · first_building Barracks |
| 10:19 | elmoycarmine · age_up feudal |
| 10:49 | Silver · age_up feudal |
| 10:58 | DeadpanFox71524 · first_building Barracks |
| 11:18 | 喜多川海梦 · age_up feudal |
| 11:24 | bofo_996 · age_up feudal |
| 13:15 | Silver · first_building Barracks |
| 13:33 | 喜多川海梦 · first_building Stable |
| 13:35 | DeadpanFox71524 · first_building Archery Range |
| 13:44 | 喜多川海梦 · first_building Archery Range |
| 14:08 | DeadpanFox71524 · first_market_sell 100 wood |
| 14:45 | elmoycarmine · first_building Barracks |
| 14:50 | Silver · first_building Stable |
| 14:52 | bofo_996 · first_market_buy 100 food |
| 15:39 | DeadpanFox71524 · first_market_buy 100 wood |
| 15:45 | elmoycarmine · first_building Stable |
| 15:55 | bofo_996 · first_market_sell 100 wood |
| 17:34 | bofo_996 · age_up castle |
| 17:41 | bofo_996 · first_building Castle |
| 17:50 | elmoycarmine · first_building Siege Workshop |
| 17:53 | bofo_996 · wall_segment Stone Wall x1 |
| 17:55 | bofo_996 · wall_segment Stone Wall x1 |
| 17:56 | bofo_996 · wall_segment Stone Wall x1 |
| 18:14 | bofo_996 · wall_segment Stone Wall x1 |
| 18:33 | DeadpanFox71524 · first_building Siege Workshop |
| 19:33 | bofo_996 · first_building Siege Workshop |
| 19:40 | elmoycarmine · first_building Archery Range |
| 19:45 | bofo_996 · first_building Monastery |
| 21:20 | Silver · age_up castle |
| 22:15 | 喜多川海梦 · age_up castle |
| 22:32 | 喜多川海梦 · first_building Siege Workshop |
| 23:50 | Silver · first_building Castle |
| 25:53 | elmoycarmine · age_up castle |
| 26:00 | Silver · first_building Monastery |
| 26:25 | Governator01 · first_building Monastery |
| 26:43 | Governator01 · first_building Castle |
| 26:51 | Governator01 · wall_segment Stone Wall x5 |
| 27:00 | Governator01 · wall_segment Stone Wall x7 |
| 28:55 | 喜多川海梦 · first_building Castle |
| 29:49 | Governator01 · first_building Stable |
| 29:56 | elmoycarmine · first_building Castle |
| 30:57 | DeadpanFox71524 · first_building Castle |
| 32:36 | bofo_996 · age_up imperial |
| 35:52 | Silver · first_building Siege Workshop |
| 35:53 | elmoycarmine · first_building Monastery |
| 37:03 | Silver · age_up imperial |
| 37:19 | elmoycarmine · age_up imperial |
| 38:12 | DeadpanFox71524 · wall_segment Stone Wall x5 |
| 38:18 | DeadpanFox71524 · wall_segment Stone Wall x5 |
| 38:27 | Governator01 · first_building Archery Range |
| 39:20 | bofo_996 · first_building Barracks |
| 40:18 | bofo_996 · first_building Stable |
| 41:46 | Silver · first_market_sell 500 wood |
| 44:14 | Governator01 · resign |
[ AI ANALYSIS · 1 CREDIT ]
What really happened in this match?
Wolo.gg analyzes every decision: build order, eco, micro, common mistakes by bracket. Personalized analysis on WhatsApp or Discord in 30 seconds.
Civ guide
Malay
Perfil
Jugador #1358534